 Dungeon Sprint DCSS version 0.19.1 (webtiles) character file.

629 KingBobo974 the Brawler (level 7, -1/66 HPs)
             Began as a Troll Berserker on Dec 10, 2016.
             Was a Believer of Trog.
             Succumbed to Sonja's curare-tipped needle
             ... in the Dungeon (Sprint I: "Red Sonja").
             The game lasted 00:02:51 (264 turns).

KingBobo974 the Brawler (Troll Berserker)            Turns: 264, Time: 00:02:52

Health: -1/66      AC:  5    Str: 28    XL:     7   Next: 23%
Magic:  6/6        EV: 10    Int:  3    God:    Trog [**....]
Gold:   117        SH:  0    Dex:  9    Spells: 0 memorised, 6 levels left

rFire  . . .     SeeInvis .       - Unarmed
rCold  . . .     Gourm    +     a - +0 animal skin
rNeg   . . .     Faith    .     (no shield)
rPois  .         Spirit   .     (helmet restricted)
rElec  .         Reflect  .     (no cloak)
rCorr  .         Harm     .     (gloves unavailable)
MR     ++...     NoTele   +     (boots unavailable)
Stlth  +.........               (no amulet)
                                (no ring)
                                (no ring)

@: lethally poisoned (-1 -> -9), exhausted, starving, regenerating, slowed, very
slow
A: unfitting armour, claws 3, fast metabolism 3, gourmand, regeneration 1,
shaggy fur 1, tough skin 2
a: Berserk, Trog's Hand, Burn Spellbooks, Renounce Religion


You were in the Dungeon.
You worshipped Trog.
Trog was pleased with you.
You were starving.

You visited 1 branch You collected 309 gold pieces.
You spent 192 gold pieces at shops.

Inventory:

Armour
 a - a +0 animal skin (worn)
Scrolls
 h - a scroll of blinking
 i - a scroll of torment {unknown}
 j - a scroll of enchant armour {unknown}
Potions
 c - 2 potions of curing
 e - a potion of haste
 f - 2 potions of magic
 g - a potion of berserk rage
Comestibles
 b - 2 bread rations


   Skills:
 - Level 2.4 Fighting
 - Level 2.4 Dodging
 * Level 15.1 Unarmed Combat


You had 6 spell levels left.
You didn't know any spells.

Dungeon Overview and Level Annotations

Branches:
Dungeon (1/1)

Altars:
Cheibriados
Dithmenos
Elyvilon
Fedhas
Gozag
Hepliaklqana
Kikubaaqudgha
Makhleb
Nemelex Xobeh
Okawaru
Qazlal
Ru
Sif Muna
Trog
Uskayaw
Vehumet
Xom
Yredelemnul
Zin
The Shining One
Jiyva
Lugonu

Shops:
D *

Annotations:
D Sonja


Innate Abilities, Weirdness & Mutations

You are too large for most types of armour.
You have claws for hands.
Your metabolism is lightning-fast.
You like to eat raw meat.
Your natural rate of healing is unusually fast.
You are covered in fur. (AC +1)
You have very tough skin. (AC +2)


Message History

You see here a curare-tipped needle.
You feel very sick.
You see here 27 gold pieces.
Unknown command.
Unknown command.
Unknown command.
You feel the effects of Trog's Hand fading.
You feel very sick.
Sonja unwields an uncursed blowgun.
Sonja wields an uncursed dagger of distortion.
Its appearance distorts for a moment.
Sonja hits you with an uncursed dagger of distortion.
* * * LOW HITPOINT WARNING * * *
Space warps horribly around you!
* * * LOW HITPOINT WARNING * * *
Sonja hits you but does no damage. Sonja barely misses you.
You see here a curare-tipped needle.
You barely miss Sonja.
You are starving!
You die...

#..').#..').#..'^.+
#..#####'#####'#__#
#..####..#...#.####
#..#__####..##.#
#..#_____##'#..+
#⌠⌠#_.∩...'..._#
####_..__##_(#'#
#_____###K#.#
#########@### +$.$+
#$.$# ##.## #+#


You could see Sonja.

Vanquished Creatures
  A slime creature (D)
  Sigmund (D)
  A yak (D)
  An ogre (D)
  A jelly (D)
  Ijyb (D)
6 creatures vanquished.

Vanquished Creatures (others)
  A gargoyle (D)
1 creature vanquished.

Grand Total: 7 creatures vanquished

Notes
Turn   | Place    | Note
-------+----------+-------------------------------------------
     0 | D        | KingBobo974 the Troll Berserker began the quest for the Orb.
     0 | D        | Reached XP level 1. HP: 22/22 MP: 0/0
     2 | D        | Noticed Ijyb
    14 | D        | Killed Ijyb
    14 | D        | Reached skill level 6 in Unarmed Combat
    14 | D        | Reached XP level 2. HP: 22/29 MP: 1/1
    18 | D        | Noticed an ogre
    20 | D        | Killed an ogre
    20 | D        | Reached skill level 9 in Unarmed Combat
    20 | D        | Reached XP level 3. HP: 36/36 MP: 2/2
    20 | D        | Reached XP level 4. HP: 44/44 MP: 3/3
   157 | D        | Noticed Sigmund
   160 | D        | Killed Sigmund
   160 | D        | Reached ** piety under Trog
   160 | D        | Reached skill level 12 in Unarmed Combat
   160 | D        | Reached XP level 5. HP: 50/50 MP: 4/4
   160 | D        | Reached XP level 6. HP: 59/59 MP: 5/5
   175 | D        | Found a deep blue altar of Sif Muna.
   177 | D        | Found a radiant altar of Vehumet.
   190 | D        | Found Ephif's Assorted Antiques.
   190 | D        | Found an ancient bone altar of Kikubaaqudgha.
   190 | D        | Found a hazy altar of Hepliaklqana.
   190 | D        | Found a stormy altar of Qazlal.
   190 | D        | Found a hide-covered altar of Uskayaw.
   190 | D        | Found a blossoming altar of Fedhas.
   190 | D        | Found a bloodstained altar of Trog.
   190 | D        | Found an iron altar of Okawaru.
   190 | D        | Found a basalt altar of Yredelemnul.
   190 | D        | Found a glowing golden altar of the Shining One.
   190 | D        | Found a snail-covered altar of Cheibriados.
   190 | D        | Found a sacrificial altar of Ru.
   190 | D        | Found a glowing silver altar of Zin.
   190 | D        | Found a shadowy altar of Dithmenos.
   190 | D        | Found a white marble altar of Elyvilon.
   190 | D        | Noticed a yak
   194 | D        | Killed a yak
   194 | D        | Reached skill level 14 in Unarmed Combat
   196 | D        | Found an opulent altar of Gozag.
   211 | D        | Found a sparkling altar of Nemelex Xobeh.
   215 | D        | Bought a potion of heal wounds for 120 gold pieces
   215 | D        | Bought a potion of curing for 72 gold pieces
   228 | D        | Found a burning altar of Makhleb.
   228 | D        | Found a viscous altar of Jiyva.
   228 | D        | Found a shimmering altar of Xom.
   228 | D        | Found a corrupted altar of Lugonu.
   228 | D        | Noticed a slime creature
   232 | D        | Killed a slime creature
   232 | D        | Reached *** piety under Trog
   232 | D        | Reached skill level 15 in Unarmed Combat
   232 | D        | Reached XP level 7. HP: 63/66 MP: 6/6
   235 | D        | Killed a gargoyle
   249 | D        | Noticed Sonja
   263 | D        | HP: 1/66 [Sonja/uncursed dagger of distortion (10)]
   264 | D        | Succumbed to Sonja's curare-tipped needle

Skill      XL: |  1  2  3  4  5  6 |
---------------+-------------------+-----
Unarmed Combat | 6 9 12 15 | 15.1
Fighting       | |  2.4
Dodging        | |  2.4

Action                   |  1- 3 |  4- 6 |  7- 9 || total
-------------------------+-------+-------+-------++-------
Melee: Unarmed           |    12 |    11 |     4 ||    27
       Punch             |       |     1 |       ||     1
Invok: Berserk           |     1 |       |     1 ||     2
       Trog's Hand       |       |       |     1 ||     1
  Use: Potion            |       |       |     2 ||     2
Armor: Animal skin       |       |       |     4 ||     4
Dodge: Dodged            |     5 |     4 |     7 ||    16
